 Dungeon Crawl Stone Soup version 0.30.1-11-g7821555f0a (webtiles) character file.

Game seed: 3135503444744582677

2361 ChrisAssaf the Covert (level 8, -5/48 HPs)
             Began as a Vampire Necromancer on Dec 19, 2023.
             Was a Priest of Ru.
             Slain by an orc warrior
             ... wielding a +0 halberd
              (11 damage)
             ... on level 8 of the Dungeon.
             The game lasted 00:28:37 (7191 turns).

ChrisAssaf the Covert (Vampire Necromancer)         Turns: 7191, Time: 00:28:40

Health: -5/48      AC:  7    Str:  8    XL:     8   Next: 21%
Magic:  1/16       EV: 18    Int: 18    God:    Ru [***...]
Gold:   403        SH:  0    Dex: 22    Spells: 5/18 levels left

rFire   . . .        x - +0 demon trident
rCold   + + .        (no shield)
rNeg    + + +        f - +2 ring mail of Yvuwkuf {Dex+3}
rPois   ∞            (no helmet)
rElec   .            (no cloak)
rCorr   .            (no gloves)
SInv    +            (no boots)
Will    .....        p - amulet of magic regeneration
Stlth   ++++++       e - +5 ring of evasion
HPRegen 0.00/turn    E - +4 ring of slaying
MPRegen 0.55/turn

%: no passive effects
@: animating dead, bloodless, inhibited regen, unable to drink
A: bloodless, fangs 3, see invisible, inability to drink after injury 2,
inexperienced 1, vampiric 2, agile 1
a: Bat Form, Revivify, Renounce Religion, Draw Out Power


You were on level 8 of the Dungeon.
You worshipped Ru.
Ru was most pleased with you.
You visited 2 branches of the dungeon, and saw 9 of its levels.

You collected 403 gold pieces.

Inventory:

Hand Weapons
 h - a +0 quarterstaff
 x - a +0 demon trident (weapon)
Missiles
 n - 5 boomerangs (quivered)
Armour
 a - a +2 robe
 f - the +2 ring mail of Yvuwkuf (worn) {Dex+3}
   (You found it on level 4 of the Dungeon)

   Dex:       It affects your dexterity (+3).
Jewellery
 e - a +5 ring of evasion (left hand)
 o - an amulet of the acrobat
 p - an amulet of magic regeneration (around neck)
 t - a ring of flight
 E - a +4 ring of slaying (right hand)
Wands
 g - a wand of roots (2)
 s - a wand of flame (10)
 F - a wand of digging (6)
 G - a wand of paralysis (12)
Scrolls
 b - 3 scrolls of amnesia
 m - 3 scrolls of teleportation
 q - 2 scrolls of enchant armour
 v - a scroll of vulnerability
 y - 2 scrolls of enchant weapon {unknown}
 z - a scroll of magic mapping
 B - 4 scrolls of poison {unknown}
 C - a scroll of noise {unknown}
 D - a scroll of blinking {unknown}
Potions
 c - 3 potions of attraction {unknown}
 d - 2 potions of degeneration
 i - a potion of lignification
 j - 4 potions of haste
 k - 4 potions of curing
 l - 2 potions of invisibility {unknown}
 r - a potion of mutation
 u - a potion of resistance {unknown}
 w - a potion of flight {unknown}
 A - 2 potions of heal wounds


   Skills:
 * Level 4.3 Fighting
 * Level 1.0(2.6) Polearms
 * Level 3.5(3.6) Staves
 * Level 1.2 Throwing
 * Level 4.0 Armour
 * Level 5.7 Dodging
 * Level 8.2 Stealth
 * Level 4.7 Unarmed Combat
 * Level 5.8 Spellcasting
 * Level 7.9 Necromancy
 * Level 3.8 Evocations


You had 5 spell levels left.
You knew the following spells:

 Your Spells              Type           Power      Damage    Failure   Level
a - Necrotise             Necr           100%       1d9       1%          1
b - Vampiric Draining     Necr           33%        2d8       4%          3
c - Animate Dead          Necr           33%        N/A       13%         4
d - Agony                 Necr           33%        N/A       36%         5

Your spell library contained the following spells:

 Spells                   Type           Power      Damage    Failure   Level
 Call Canine Familiar     Summ           5%         N/A       71%         3
 Gell's Gravitas          Tloc           5%         N/A       71%         3
 Portal Projectile        Hex/Tloc       10%        N/A       71%         3
 Teleport Other           Tloc           5%         N/A       71%         3
 Leda's Liquefaction      Hex/Erth       2%         N/A       98%         4
 Iskenderun's Battlesphe  Conj           5%         2d6       100%        5
 Dispersal                Tloc           2%         N/A       100%        6
 Iron Shot                Conj/Erth      2%         9d2       100%        6
 Spellforged Servitor     Conj/Summ      2%         N/A       100%        7


Dungeon Overview and Level Annotations

Branches:
Dungeon (8/15)             Temple (1/1) D:6
   Lair: D:8-11

Altars:
Ashenzari
Cheibriados
Dithmenos
Fedhas
Gozag
Hepliaklqana
Makhleb
Nemelex Xobeh
Okawaru
Ru
Sif Muna
Trog
Vehumet
Wu Jian
Xom
Yredelemnul


Innate Abilities, Weirdness & Mutations

You do not regenerate when monsters are visible.
You are frail without blood (-20% HP).
You can heal yourself when you bite living creatures.
You are immune to poison.
You have razor-sharp teeth.
You have supernaturally acute eyesight. (SInv)
You sometimes lose the ability to drink potions when taking damage.
You are somewhat inexperienced. (-1 XL)
You are afflicted with vampirism and can become a bat while bloodless.
You are agile. (Dex +4, Str/Int -1)


Message History

Aim: an ogre, wielding a +0 giant spiked club (heavily wounded)
You draw life force from the ogre!
You feel life coursing into your body.
You hear a shout!
The orc misses you.
The orc warrior hits you from afar with a +0 halberd!
The ogre is stunned by your conviction and fails to attack.
The ogre hits you with a +0 giant spiked club!
You feel threatened and lose the ability to drink potions!
Unknown command.
Casting: Vampiric Draining (dangerous; 4% risk of failure)
Confirm with . or Enter, or press ? or * to list all spells.
Aiming: Vampiric Draining (dangerous; 4% risk of failure)
Press: ? - help, Shift-Dir - straight line, f/p - ogre
Aim: an ogre, wielding a +0 giant spiked club (almost dead)
You draw life force from the ogre!
You kill the ogre!
You feel life coursing into your body.
The dead are walking!
The orc priest is no longer blind.
You redirect the orc priest's attack!
The orc hits you with a +0 hand axe. The orc warrior misses you.
The ogre misses you.
An orc comes into view. It is wielding a +0 dagger.
The orc misses you.
Your base Polearms skill increases to level 1!
Casting: Vampiric Draining (dangerous; 4% risk of failure)
Confirm with . or Enter, or press ? or * to list all spells.
Aiming: Vampiric Draining (dangerous; 4% risk of failure)
Press: ? - help, Shift-Dir - straight line, f - ogre
Aim: an ogre, wielding a +0 giant spiked club (almost dead, ally target)
You draw life force from the ogre!
You kill the ogre!
You can drink potions again.
The orc completely misses you.
An orc comes into view. It is wielding a +0 short sword.
The orc priest invokes the aid of Beogh against you.
Beogh smites you!
You feel threatened and lose the ability to drink potions!
* * * LOW HITPOINT WARNING * * *
The orc warrior hits you from afar with a +0 halberd!
You die...

#.......##...####..#...####
.............####.........#
...............##....<....#
..........................#
........##....##.............
.......####...##........>....
.......).....................
...........#....Z).......#.##
..........##(.o.@o........##
o.....#...#.....ooo.......#
......##...o.....##o###.
...o.. #...o.....# )o.
.o>..............# )o#
.....#...#.......# ..#
.##..#...#.....### o#
....#.....# .###.#......#


You could see an orc warrior, 2 orc priests, 7 orcs and a friendly ogre zombie.

Vanquished Creatures
  Prince Ribbit (D:5)
  Sigmund (D:2)
  6 ogres
  A centaur (D:6)
  A phantom (D:4)
  2 bullfrogs (D:7)
  A kobold brigand (D:6)
  A scorpion (D:4)
  A howler monkey (D:5)
  3 jellies
  4 orc priests
  5 hounds
  Jessica (D:2)
  Ijyb (D:3)
  An iguana (D:5)
  2 orc wizards (D:7)
  9 adders
  A shadow imp (D:6)
  A white imp (D:7)
  An ufetubus (D:5)
  2 dart slugs (D:5)
  27 orcs
  6 ball pythons
  6 bats
  6 endoplasms
  5 giant cockroaches
  9 goblins
  3 hobgoblins
  8 jackals
  2 quokkas
  A frilled lizard (D:2)
  8 kobolds
  5 rats
132 creatures vanquished.

Vanquished Creatures (collateral kills)
  A bullfrog (D:7)
  A sleepcap (D:4)
  An orc (D:7)
  2 ball pythons
  A quokka (D:4)
  A frilled lizard (D:1)
7 creatures vanquished.

Vanquished Creatures (others)
  An orc warrior (D:7)
  An adder zombie (D:3)
  A kobold (D:1)
  4 orc zombies
7 creatures vanquished.

Grand Total: 146 creatures vanquished

Notes
Turn   | Place    | Note
-------+----------+-------------------------------------------
     0 | D:1      | ChrisAssaf the Vampire Necromancer began the quest for the
                  | Orb.
     0 | D:1      | Reached XP level 1. HP: 13/13 MP: 3/3
   238 | D:1      | Reached XP level 2. HP: 19/19 MP: 0/5
   621 | D:2      | Reached skill level 5 in Necromancy
   621 | D:2      | Gained mutation: You are afflicted with vampirism and can
                  | become a bat while bloodless. [Vampire growth]
   621 | D:2      | Reached XP level 3. HP: 20/20 MP: 0/6
   625 | D:2      | Learned a level 3 spell: Vampiric Draining
   642 | D:2      | Noticed Sigmund
   844 | D:2      | Killed Sigmund
   845 | D:2      | Reached skill level 1 in Fighting
   845 | D:2      | Reached skill level 1 in Armour
   845 | D:2      | Reached XP level 4. HP: 16/25 MP: 0/9
   845 | D:2      | Reached XP level 5. HP: 19/29 MP: 0/10
  1048 | D:2      | Noticed Jessica
  1070 | D:2      | Learned a level 4 spell: Animate Dead
  1084 | D:2      | Killed Jessica
  1162 | D:3      | Noticed Ijyb
  1170 | D:3      | Paralysed by Ijyb for 4 turns
  1183 | D:3      | Paralysed by Ijyb for 3 turns
  1187 | D:3      | Killed Ijyb
  1188 | D:3      | Reached XP level 6. HP: 22/34 MP: 0/11
  1257 | D:4      | Identified the +2 ring mail of Yvuwkuf {Dex+3}
  1384 | D:5      | Entered Level 5 of the Dungeon
  1405 | D:5      | Reached skill level 5 in Dodging
  1405 | D:5      | Reached skill level 7 in Stealth
  1405 | D:5      | Reached skill level 5 in Spellcasting
  1405 | D:5      | Reached XP level 7. HP: 42/42 MP: 9/15
  1830 | D:6      | Found a staircase to the Ecumenical Temple.
  1839 | Temple   | Entered the Ecumenical Temple
  1855 | Temple   | Became a worshipper of Ru the Awakened
  2285 | D:6      | Reached XP level 8. HP: 48/48 MP: 16/16
  2733 | D:5      | Noticed Prince Ribbit
  2756 | D:5      | Killed Prince Ribbit
  2957 | D:5      | Noticed an angel
  3424 | D:4      | Reached skill level 8 in Stealth
  3606 | D:4      | Reached skill level 1 in Throwing
  3658 | D:4      | Gained mutation: You occasionally lose the ability to drink
                  | potions when taking damage. [Ru sacrifice]
  3658 | D:4      | Gained mutation: You sometimes lose the ability to drink
                  | potions when taking damage. [Ru sacrifice]
  3658 | D:4      | Reached * piety under Ru
  3744 | D:4      | Learned a level 5 spell: Agony
  4374 | D:3      | Found a radiant altar of Vehumet.
  5342 | D:2      | Gained mutation: You are agile. (Dex +4, Str/Int -1)
                  | [potion of mutation]
  6402 | D:2      | You fall into a shaft and drop 2 floors!
  6584 | D:7      | Reached XP level 9. HP: 52/52 MP: 15/17
  6900 | D:7      | Gained mutation: You are somewhat inexperienced. (-1 XL)
                  | [Ru sacrifice]
  6900 | D:7      | Reached XP level 8. HP: 48/48 MP: 16/16
  6900 | D:7      | Reached ** piety under Ru
  6900 | D:7      | Reached *** piety under Ru
  7191 | D:8      | Reached skill level 1 in Polearms
  7191 | D:8      | Slain by an orc warrior

Illustrated notes

Levels and vault maps discovered:
D:1:      dpeg_arrival_shelter, layout_basic, minmay_tall_x
D:2:      layout_basic, interstate_on_off, uniq_jessica, uniq_sigmund
D:3:      layout_basic, lemuel_crystal_altar, uniq_ijyb
D:4:      layout_basic, minivault_1
D:5:      layout_loops_ring, zin_angel, uniq_prince_ribbit1
D:6:      layout_basic, minmay_temple_entry_metal_lava, st_stairs_4
D:7:      layout_cave_pools, nicolae_nh_ransacked_shop
D:8:      layout_cave_pools, serial_glass, glass_columns_c, glass_columns_a,
          special_room [special_room_orc], lightli_church_of_beogh, uniq_maurice
Temple:   sentei_temple_godly_chess

Skill      XL: |  1  2  3  4  5  6  7  8 |
---------------+-------------------------+-----
Necromancy     | 5 7 |  7.9
Fighting       | 1 3 4 |  4.3
Armour         | 1 3 4 |  4.0
Spellcasting   | 3 5 |  5.8
Staves         | 3 |  3.5
Dodging        | 5 |  5.7
Stealth        | 7 8 |  8.2
Unarmed Combat | 4 |  4.7
Evocations     | 3 |  3.8
Throwing       | 1 |  1.2
Polearms       | 1 |  1.0

Action                     |  1- 3 |  4- 6 |  7- 9 || total
---------------------------+-------+-------+-------++-------
  Melee: Unarmed           |     8 |    15 |       ||    23
         Punch             |     1 |       |     1 ||     2
         Bite              |       |     6 |    20 ||    26
         Quarterstaff      |       |    10 |    90 ||   100
         Demon trident     |       |       |    49 ||    49
  Throw: Boomerang         |       |       |   104 ||   104
   Cast: Necrotise         |    43 |    15 |    21 ||    79
         Vampiric Draining |     3 |     8 |    45 ||    56
         Animate Dead      |       |       |     6 ||     6
 Invoke: Sacrifice Drink   |       |       |     1 ||     1
         Sacrifice Experie |       |       |     1 ||     1
Ability: Exsanguinate      |     1 |       |       ||     1
  Evoke: Wand              |       |       |     8 ||     8
    Use: Scroll            |     3 |     4 |     7 ||    14
         Potion            |     4 |     1 |     1 ||     6
   Stab: Sleeping          |       |     3 |     9 ||    12
         Paralysed         |       |       |     4 ||     4
         Distracted        |       |       |     1 ||     1
 Armour: Robe              |     9 |     5 |       ||    14
         Ring mail         |       |     6 |    26 ||    32
  Dodge: Dodged            |    23 |    35 |   161 ||   219
